AoeStats
← naphtaligrauer16

Glade

510843459Analyzed
1v1 RM · 14h ago on Oct 2, 2026· 14m 16s· 2 players
Game mode
Random Map
Map size
Tiny (2 player)
Population
200
Speed
Normal
Resources
Standard
Victory
Conquest
Starting age
Dark Age
Ending age
Imperial Age
RankedLock teamsTeams togetherTeam positionsShared explorationLock speedFull tech treeHidden civsTurbo modeCheats
Victory
Defeat
🇩🇪 Goths · Germany
1453
+13
🇪🇸 Danes · Spain
1384
-13
naphtaligrauer16
9:21 Feudal Age
10:01 Man-at-Arms
12:09 Double-Bit Axe
12:46 Scale Mail Armor
13:40 Forging
[MF]
7:02 Loom
9:34 Feudal Age
9:37 Man-at-Arms
10:06 Double-Bit Axe
Connection lost

Rejoining the realm…

Still unreachable

The connection could not be restored.

Session expired

The server has moved on; the page needs a fresh start.